 Dungeon Crawl Stone Soup version 0.27-a0-417-g317cea8a3c (webtiles) character file.

Game seed: 12377664553867156806

803 edricgarran the Cleaver (level 7, -5/64 HPs)
             Began as a Minotaur Berserker on Feb 26, 2021.
             Was a Priest of Trog.
             Slain by a mummy (12 damage)
             ... in an ossuary.
             The game lasted 00:11:31 (5041 turns).

edricgarran the Cleaver (Minotaur Berserker)        Turns: 5041, Time: 00:11:32

Health: -5/64      AC: 10    Str: 23    XL:     7   Next: 59%
Magic:  6/6        EV:  8    Int:  4    God:    Trog [***...]
Gold:   190        SH:  0    Dex: 10    Spells: 6/6 levels left

rFire    . . .     SeeInvis .   a - +0 hand axe
rCold    . . .     Faith    .   (no shield)
rNeg     . . .     Spirit   .   b - +0 chain mail
rPois    .         Reflect  .   (helmet restricted)
rElec    .         Harm     .   u - scarf {repulsion}
rCorr    .         Rampage  .   (no gloves)
Will     ++...                  o - +0 pair of boots
Stlth    ..........             (no amulet)
HPRegen  1.20/turn              (no ring)
MPRegen  0.10/turn              (no ring)

@: berserk cooldown, regenerating (expiring), slowed, repel missiles, very slow
A: retaliatory headbutt, horns 2
a: Renounce Religion, Berserk, Trog's Hand


You were in an ossuary.
You worshipped Trog.
Trog was most pleased with you.
You visited 1 branch of the dungeon, and saw 6 of its levels.
You also visited: Ossuary.

You collected 190 gold pieces.

Inventory:

Hand Weapons
 a - a +0 hand axe (weapon)
Missiles
 t - 9 boomerangs
Armour
 b - a +0 chain mail (worn)
 o - a +0 pair of boots (worn)
 u - a scarf of repulsion (worn)
Jewellery
 s - a ring of protection from fire
Wands
 n - a wand of acid (7)
Scrolls
 e - 7 scrolls of teleportation {unknown}
 f - 3 scrolls of fear {unknown}
 j - 2 scrolls of immolation {unknown}
 l - 2 scrolls of amnesia {unknown}
 p - 3 scrolls of random uselessness {unknown}
 r - 4 scrolls of identify {unknown}
Potions
 c - 3 potions of might {unknown}
 d - a potion of mutation {unknown}
 g - 2 potions of heal wounds {unknown}
 h - 4 potions of degeneration {unknown}
 i - 2 potions of brilliance {unknown}
 k - a potion of attraction {unknown}
 m - 2 potions of magic {unknown}
 q - a potion of flight {unknown}


   Skills:
 + Level 6.9 Fighting
 * Level 9.0(9.1) Axes
 - Level 1.0(5.7) Maces & Flails
 - Level 2.4 Armour
 - Level 2.2 Dodging


You had 6 spell levels left.
You didn't know any spells.
Your spell library was empty.

Dungeon Overview and Level Annotations

Branches:
Dungeon (6/15)             Temple (0/1) D:6         Ossuary (1/1)

Altars:
Elyvilon

Shops:
D:4 :


Innate Abilities, Weirdness & Mutations

You reflexively headbutt those who attack you in melee.
You have a pair of horns on your head.


Message History

You barely miss the mummy. The mummy hits you!
* * * LOW HITPOINT WARNING * * *
Your Axes skill increases to level 9!
Your skin crawls.
You feel strong-willed. The mummy barely misses you.
The mummy barely misses you. You furiously retaliate!
You headbutt the mummy. You slash the mummy!
The mummy is heavily damaged.
You barely miss the kobold zombie. You hit the mummy.
The kobold zombie barely misses you. The mummy misses you.
You slash the mummy!
The mummy is almost destroyed.
You hit the mummy. You hit the kobold zombie. You hit the mummy.
The kobold zombie hits you but does no damage.
The mummy hits you but does no damage. The mummy hits you!
* * * LOW HITPOINT WARNING * * *
You hit the mummy.
The mummy is almost destroyed.
You hit the mummy. You slash the kobold zombie!
You destroy the kobold zombie!
Trog accepts your kill.
You hit the mummy.
You feel the effects of Trog's Hand fading.
The mummy hits you but does no damage. The mummy barely misses you.
Okay, then.
You completely miss the mummy. You headbutt the mummy.
You destroy the mummy!
Trog accepts your kill.
You barely miss the mummy. You hit the mummy but do no damage.
The mummy closely misses you.
You barely miss the mummy.
The mummy is severely damaged.
You barely miss the mummy. The mummy hits you!
* * * LOW HITPOINT WARNING * * *
The mummy hits you but does no damage.
You hit the mummy.
The mummy is severely damaged.
You hit the mummy. The mummy hits you!
You die...

.............
#........#
#......#
#....# #....#
#....# #....#
#.M..# #@...#
#.M..# #....#
#.∩∩.# ######


You could see 2 mummies.

Vanquished Creatures
  A hornet zombie (D:5)
  An ogre (D:5)
  A phantom (D:6)
  A wyvern zombie (D:6)
  A scorpion (D:6)
  A bullfrog skeleton (D:4)
  2 hounds
  Ijyb (D:3)
  2 worker ants (D:5)
  An orc wizard (D:4)
  2 mummies (Ossuary)
  4 gnolls (D:2)
  7 adders
  3 white imps
  2 ufetubi
  A worm (D:3)
  An adder skeleton (D:3)
  2 dart slugs
  4 leopard geckos
  7 orcs
  7 bats
  5 giant cockroaches
  7 goblins
  6 hobgoblins
  4 jackals (D:4)
  6 quokkas
  4 ball pythons
  5 frilled lizards
  A gnoll zombie (Ossuary)
  A hobgoblin zombie (Ossuary)
  3 kobolds
  3 kobold zombies (Ossuary)
  3 orc zombies (Ossuary)
  A quokka skeleton (D:5)
  6 rats
107 creatures vanquished.

Notes
Turn   | Place    | Note
-------+----------+-------------------------------------------
     0 | D:1      | edricgarran the Minotaur Berserker began the quest for the
                  | Orb.
     0 | D:1      | Reached XP level 1. HP: 19/19 MP: 0/0
   236 | D:1      | Reached skill level 4 in Axes
   236 | D:1      | Reached XP level 2. HP: 27/27 MP: 1/1
   582 | D:1      | Reached skill level 1 in Maces & Flails
   651 | D:2      | Reached XP level 3. HP: 23/33 MP: 2/2
   662 | D:2      | Found a faded altar of an unknown god.
   994 | D:2      | Reached skill level 5 in Axes
   994 | D:2      | Reached XP level 4. HP: 31/41 MP: 3/3
  1128 | D:2      | Reached ** piety under Trog
  1268 | D:2      | You fall into a shaft and drop 1 floor!
  1341 | D:3      | Noticed Ijyb
  1354 | D:3      | Killed Ijyb
  1629 | D:3      | Reached skill level 5 in Fighting
  1629 | D:3      | Reached XP level 5. HP: 42/48 MP: 4/4
  2330 | D:2      | Reached skill level 6 in Axes
  2385 | D:2      | Found a white marble altar of Elyvilon.
  2925 | D:4      | Found Yschuaf's Book Emporium.
  2944 | D:4      | Reached *** piety under Trog
  2986 | D:4      | Reached XP level 6. HP: 47/56 MP: 5/5
  3339 | D:5      | Entered Level 5 of the Dungeon
  3444 | D:5      | Reached skill level 7 in Axes
  3927 | D:5      | Reached skill level 8 in Axes
  3927 | D:5      | Reached XP level 7. HP: 6/63 MP: 6/6
  4999 | D:6      | Found a sand-covered staircase.
  5002 | D:6      | Found a staircase to the Ecumenical Temple.
  5009 | Ossuary  | Entered an ossuary
  5028 | Ossuary  | Reached skill level 9 in Axes
  5041 | Ossuary  | Slain by a mummy

Illustrated notes

Levels and vault maps discovered:
D:1:      sevenhm_arrival_forest_fort_small_3, layout_basic
D:2:      layout_basic, old_standard_altar,
          chequers_ecumenical_altar_simple_redux
D:3:      layout_basic, uniq_ijyb
D:4:      layout_cave_pools, serial_shops, shop
D:5:      layout_loops_corners, minmay_crystal_water,
          kennysheep_opposing_triangles
D:6:      layout_basic, minmay_temple_entry_offerings, serial_co_window_serial,
          co_window_of_opportunity_a, co_window_of_opportunity_a,
          co_window_corner_a, co_window_corner_a, co_window_corner_a,
          co_window_2corner, co_window_of_opportunity_b, co_window_corner_b,
          co_window_cross_2, co_window_corner_cb, co_window_broadway_a,
          co_window_corner_ca, nicolae_ossuary_entry_ruins
Ossuary:  ossuary_tomb_3

Skill      XL: |  1  2  3  4  5  6  7 |
---------------+----------------------+-----
Axes           | 4 5 6 8 9 |  9.0
Fighting       | 4 5 6 |  6.9
Maces & Flails | 1 |  1.0
Armour         | |  2.4
Dodging        | |  2.2

Action                   |  1- 3 |  4- 6 |  7- 9 || total
-------------------------+-------+-------+-------++-------
Melee: Hand axe          |    46 |   174 |    49 ||   269
       Headbutt          |     7 |    22 |    12 ||    41
Invok: Berserk           |       |     2 |     1 ||     3
       Trog's Hand       |       |     1 |     1 ||     2
Armor: Animal skin       |     4 |       |       ||     4
       Chain mail        |     2 |   111 |    23 ||   136
       Leather armour    |     2 |       |       ||     2
Dodge: Dodged            |    33 |    86 |    32 ||   151
       Repelled          |       |     3 |       ||     3

Table legend: (Time is in decaauts)
 A = Elapsed time spent in this place.
 B = Non-inter-level travel time spent in this place.
 C = Inter-level travel time spent in this place.
 D = Time resting spent in this place.
 E = Time spent auto-exploring this place.
 F = Levels seen in this place.
 G = Mean time per level.
                   A        B        C        D        E       F      G
               +--------+--------+--------+--------+--------+-----+--------+
         Total |   5068 |   4778 |    290 |      0 |   4092 |   7 |  724.0 |
       Dungeon |   5033 |   4743 |    290 |      0 |   4091 |   6 |  838.8 |
       Ossuary |     34 |     34 |      0 |      0 |      1 |   1 |   34.0 |
               +--------+--------+--------+--------+--------+-----+--------+

Top non-repeatable levels by time:
     D:5: 1296 daAuts
     D:2: 1131 daAuts
     D:3: 1024 daAuts
     D:1: 628 daAuts
     D:4: 561 daAuts
     D:6: 391 daAuts
 Ossuary: 34 daAuts
